 Dungeon Crawl Stone Soup version 0.28.0-47-ge53b351184 (webtiles) character file.

Game seed: 4373329677469068664

212 hawla the Changer (level 5, 0/21 HPs)
             Began as a Felid Venom Mage on May 3, 2022.
             Hit by a stone thrown by a gnoll (4 damage)
             ... on level 4 of the Dungeon.
             The game lasted 00:12:18 (4473 turns).

hawla the Changer (Felid Venom Mage)                Turns: 4473, Time: 00:12:19

Health: 0/21       AC:  2    Str: 10    XL:     5   Next: 58%
Magic:  9/9        EV: 21    Int: 18    God:
Gold:   98         SH:  0    Dex: 22    Spells: 3/9 levels left
                                        Lives:  0   Deaths: 1

rFire   . . .      SeeInvis +   (weapon unavailable)
rCold   . . .      Faith    .   (shield unavailable)
rNeg    . . .      Spirit   .   (armour unavailable)
rPois   .          Reflect  .   (helmet unavailable)
rElec   .          Harm     .   (cloak unavailable)
rCorr   .          Rampage  .   (gloves unavailable)
Will    .....                   (boots unavailable)
Stlth   +++.......              g - amulet of magic regeneration
HPRegen 0.07/turn               b - ring of poison resistance
MPRegen 0.51/turn               a - +6 ring of strength

@: spider-form
A: venomous fangs, tiny, (claws 1), (fangs 3), see invisible, (speed 1), (shaggy
fur 1), (stealthy paws), no weapons or thrown items, no armour, multi-lived
a: End Transformation


You were on level 4 of the Dungeon.
You were a venomous arachnid creature.
You visited 1 branch of the dungeon, and saw 5 of its levels.

You collected 98 gold pieces.

Inventory:

Jewellery
 a - a +6 ring of strength (right front leg)
 b - a ring of poison resistance (left front leg)
 g - an amulet of magic regeneration (around neck)
Wands
 c - a wand of paralysis (8)
Potions
 d - 2 potions of invisibility
 e - 2 potions of curing {unknown}
 f - a potion of might
 h - 2 potions of mutation {unknown}
 j - a potion of attraction {unknown}


   Skills:
 + Level 0.7 Fighting
 - Level 3.0 Dodging
 - Level 3.2 Stealth
 - Level 0.1 Unarmed Combat
 - Level 2.6 Spellcasting
 + Level 5.1 Transmutations
 - Level 0.4 Earth Magic
 + Level 3.5 Poison Magic


You had 3 spell levels left.
You knew the following spells:

 Your Spells              Type           Power      Damage    Failure   Level
a - Sting                 Tmut/Pois      68%        1d6       11%         1
b - Passwall              Tmut/Erth      10%        N/A       22%         2
c - Spider Form           Tmut/Pois      17%        N/A       22%         3

Your spell library contained the following spells:

 Spells                   Type           Power      Damage    Failure   Level
 Poisonous Vapours        Pois/Air       16%        N/A       28%         2
 Ensorcelled Hibernation  Hex/Ice        4%         N/A       47%         2
 Mephitic Cloud           Conj/Pois/Air  6%         N/A       52%         3
 Swiftness                Air            2%         N/A       67%         3
 Olgreb's Toxic Radiance  Pois           15%        N/A       58%         4
 Anguish                  Hex/Necr       1%         N/A       95%         4


Dungeon Overview and Level Annotations

Branches:
Dungeon (5/15)
 Temple: D:4-7

Altars:


Innate Abilities, Weirdness & Mutations

You are a venomous arachnid creature.
You have poisonous fangs.
You are tiny and dextrous.
Your spellcasting is less reliable in this form.
((You have sharp claws.))
((You have razor-sharp teeth.))
You have supernaturally acute eyesight. (SInv)
((You cover ground quickly. (Speed+)))
((You are covered in fur. (AC +1)))
((Your paws help you pounce on unaware monsters.))
You are incapable of wielding weapons or throwing items.
You cannot wear armour.
You gain extra lives every three experience levels.


Message History

The hobgoblin hits you.
You hit the hobgoblin but do no damage.
The hobgoblin is almost dead.
You kill the hobgoblin!
The gnoll closely misses you.
You hit the gnoll.
The gnoll is moderately wounded.
The gnoll hits you with a +0 club. The gnoll misses you.
You hit the gnoll but do no damage. The gnoll hits you with a +0 club. x2
* * * LOW HITPOINT WARNING * * *
The gnoll misses you. The gnoll completely misses you.
You hit the gnoll but do no damage.
The gnoll is poisoned.
The gnoll misses you.
Your transformation is almost over.
The gnoll throws a stone.
The stone misses you.
You hit the gnoll.
The gnoll looks as sick as possible!
The gnoll is almost dead.
You kill the gnoll!
Your Transmutations skill increases to level 5!
Casting: Spider Form (extremely dangerous; 22% risk of failure)
Confirm with . or Enter, or press ? or * to list all spells.
The spell is extremely dangerous to miscast (22% risk of failure)!
Continue anyway?
You extend your transformation's duration.
You are too injured to fight recklessly!
You hit the gnoll.
The gnoll is moderately wounded.
The gnoll closely misses you.
The gnoll hits you from afar with a +0 spear.
* * * LOW HITPOINT WARNING * * *
You hit the gnoll.
The gnoll is poisoned.
The gnoll is moderately wounded.
The gnoll throws a stone.
The stone hits you.
* * * LOW HITPOINT WARNING * * *
The gnoll completely misses you.
You kill the gnoll!
The gnoll throws a stone.
The stone misses you.
The gnoll throws a stone.
The stone completely misses you.
The gnoll throws a stone.
The stone hits you.
You die...

# ###+# ....# ###########
....# ###.........### ....+
##....s....g...##
...####+###.....≈≈§§≈.)...##
...#.....#....≈≈≈§≈≈§≈§....#
...#.........#≈§≈≈≈§§≈≈#...#
...#.....#...####§≈§§§##...#
##'#.....#..#.#.#≈≈≈§##.#..#
#..###+#.#.§##..#≈≈§##.##≈.#
.........#.≈#...#≈≈§#.##§≈)#
.........#.≈###.#####.##≈≈.#


You could see a gnoll.

Vanquished Creatures
  A water moccasin (D:5)
  Ijyb (D:4)
  2 gnolls (D:4)
  5 adders
  A worm (D:2)
  3 dart slugs
  An orc (D:5)
  5 bats
  7 endoplasms
  7 giant cockroaches
  8 goblins
  5 hobgoblins
  4 jackals (D:1)
  6 kobolds
  3 quokkas (D:2)
  7 ball pythons
  8 frilled lizards
  6 rats
80 creatures vanquished.

Notes
Turn   | Place    | Note
-------+----------+-------------------------------------------
     0 | D:1      | hawla the Felid Venom Mage began the quest for the Orb.
     0 | D:1      | Reached XP level 1. HP: 7/7 MP: 4/4
   293 | D:1      | Reached XP level 2. HP: 11/11 MP: 1/6
   794 | D:1      | Reached XP level 3. HP: 14/14 MP: 1/7
  1179 | D:1      | You fall into a shaft and drop 1 floor!
  1890 | D:2      | Reached XP level 4. HP: 18/18 MP: 5/8
  1893 | D:2      | Learned a level 2 spell: Passwall
  1970 | D:2      | Reached skill level 2 in Transmutations
  2427 | D:2      | Found a faded altar of an unknown god.
  3528 | D:3      | Reached skill level 3 in Transmutations
  4054 | D:5      | Entered Level 5 of the Dungeon
  4057 | D:5      | Noticed a water moccasin
  4074 | D:5      | Slain by a water moccasin
  4075 | D:5      | Reached XP level 3. HP: -1/15 MP: 5/7
  4109 | D:5      | Killed a water moccasin
  4110 | D:5      | Reached skill level 4 in Transmutations
  4110 | D:5      | Reached XP level 4. HP: 5/18 MP: 5/8
  4110 | D:5      | Reached XP level 5. HP: 6/21 MP: 5/9
  4336 | D:4      | Learned a level 3 spell: Spider Form
  4381 | D:4      | Noticed Ijyb
  4392 | D:4      | Killed Ijyb
  4451 | D:4      | Reached skill level 5 in Transmutations
  4473 | D:4      | Hit by a stone thrown by a gnoll

Illustrated notes

Levels and vault maps discovered:
D:1:      psy_arrival_dodecagon, layout_rooms, serial_shops, nicolae_shop_stone,
          minmay_split_cup_small
D:2:      layout_basic, ebering_ecumenical_altar_webs, minmay_misc_feat_ornament
D:3:      layout_loops_cross, corexii_leaking_fountain
D:4:      layout_gridville, grunt_decor_junction, uniq_ijyb
D:5:      layout_rooms, kennysheep_generic_room_16, uniq_edmund

Skill      XL: |  1  2  3  4  5 |
---------------+----------------+-----
Poison Magic   | 3 |  3.5
Dodging        | 3 |  3.0
Stealth        | 3 |  3.2
Transmutations | 4 3 5 |  5.1
Fighting       | |  0.7
Unarmed Combat | |  0.1
Spellcasting   | |  2.6
Earth Magic    | |  0.4

Action                   |  1- 3 |  4- 6 || total
-------------------------+-------+-------++-------
Melee: Unarmed           |    41 |    83 ||   124
       Bite              |     4 |     4 ||     8
       Punch             |     1 |       ||     1
 Cast: Sting             |    84 |    32 ||   116
       Passwall          |       |     5 ||     5
       Spider Form       |       |     3 ||     3
  Use: Scroll            |       |     6 ||     6
 Stab: Sleeping          |     1 |    13 ||    14
Armor: Skin              |     5 |     4 ||     9
Dodge: Dodged            |    94 |    83 ||   177
